 Dungeon Crawl Stone Soup version 0.18.1-48-g4cf74bf (webtiles) character file.

116 Slippy the Sneak (level 4, -2/21 HPs)
             Began as a Spriggan Enchanter on July 21, 2016.
             Slain by a phantom (5 damage)
             ... on level 3 of the Dungeon.
             The game lasted 00:10:14 (2234 turns).

Slippy the Sneak (Spriggan Enchanter)               Turns: 2234, Time: 00:10:15

Health: -2/21      AC:  4    Str:  4    XL:     4   Next: 70%
Magic:  0/11       EV: 18    Int: 17    God:
Gold:   198        SH:  0    Dex: 16    Spells: 3 memorised, 5 levels left

rFire  . . .     SeeInvis +     n - +4 dagger
rCold  . . .     Gourm    .     b - +1 robe
rNeg   . . .     Faith    .     (shield restricted)
rPois  .         Spirit   .     (helmet restricted)
rElec  .         Dismiss  .     h - +0 cloak
rCorr  .         Reflect  .     (gloves unavailable)
SustAt .         Harm     .     (boots unavailable)
MR     .....                    (no amulet)
Stlth  ++++......               (no ring)
                                (no ring)

@: very slightly contaminated, very quick, not resistant to hostile
enchantments, stealthy
A: unfitting armour, see invisible, herbivore 3, speed 3, slow metabolism 2
a: no special abilities


You were on level 3 of the Dungeon.
You were not hungry.

You visited 1 branch of the dungeon, and saw 3 of its levels.

You collected 198 gold pieces.

Inventory:

Hand Weapons
 e - a +0 vampiric dagger
 n - a +4 dagger (weapon)
Armour
 b - a +1 robe (worn)
 h - a +0 cloak (worn)
Jewellery
 g - an uncursed ring of fire
Scrolls
 a - a scroll of fear
 l - a scroll of identify
 p - a scroll of remove curse
Potions
 f - 2 potions of haste {unknown}
 i - a potion of resistance {unknown}
 j - 2 potions of curing {unknown}
 k - 2 potions of magic {unknown}
 o - a potion of berserk rage {unknown}
Books
 c - a book of Maledictions

   Spells                             Type                      Level
   a - Corona                         Hexes                        1
   b - Ensorcelled Hibernation        Hexes/Ice                    2
   c - Confuse                        Hexes                        3
   d - Tukima's Dance                 Hexes                        3
   e - Dazzling Spray                 Conjuration/Hexes            3
Comestibles
 d - 4 bread rations
 m - a slice of pizza


   Skills:
 + Level 2.9 Short Blades
 - Level 3.0 Dodging
 + Level 6.1 Stealth
 + Level 4.1 Spellcasting
 - Level 3.6 Hexes


You had 5 spell levels left.
You knew the following spells:

 Your Spells              Type           Power        Failure   Level  Hunger
a - Corona                Hex            ###....      3%          1    None
b - Ensorcelled Hibernat  Hex/Ice        #.....       14%         2    ##.....
c - Confuse               Hex            ###.....     12%         3    ###....


Dungeon Overview and Level Annotations

Branches:
Dungeon (3/15)

Altars:
The Shining One


Innate Abilities, Weirdness & Mutations

You are tiny and cannot use many weapons and most armour.
You have supernaturally acute eyesight.
You are a herbivore.
You cover ground extremely quickly.
You need consume almost no food.


Message History

Aim: a phantom (moderately damaged, chance to defeat MR: 28%)
You miscast Confuse.
Strange energies run through your body. The phantom hits you.
Casting: Confuse
Confirm with . or Enter, or press ? or * to list all spells.
You don't have enough magic to cast that spell.
Casting: Confuse
Confirm with . or Enter, or press ? or * to list all spells.
You don't have enough magic to cast that spell.
You hit the phantom but do no damage.
The phantom is moderately damaged.
The phantom blinks!
You miss the phantom.
The phantom is moderately damaged.
The phantom hits you!
* * * LOW HITPOINT WARNING * * *
You hit the phantom.
The phantom is moderately damaged.
The phantom hits you.
You die...

######
#..........#
........
####.......#
.........
#.).....#
#.......# .
#.......# ...
#.......#
....#####†#.#
.......W....#
.......@....#
##..........###
#.........>..+
#.......[.####
#.........#
#...........
#.............
#...............
.........######


You could see a phantom.

Vanquished Creatures
  Natasha (D:2)
  Robin (D:2)
  An adder (D:3)
  2 oozes (D:1)
  A worm (D:3)
  4 dart slugs
  2 giant geckos
  5 hobgoblins
  3 jackals (D:1)
  A quokka (D:2)
  7 bats
  2 giant newts (D:1)
  14 goblins
  3 kobolds
  6 rats
53 creatures vanquished.

Notes
Turn   | Place    | Note
--------------------------------------------------------------
     0 | D:1      | Slippy the Spriggan Enchanter began the quest for the Orb.
     0 | D:1      | Reached XP level 1. HP: 9/9 MP: 5/5
   154 | D:1      | Reached XP level 2. HP: 13/13 MP: 6/6
   764 | D:1      | Reached skill level 5 in Stealth
   822 | D:1      | Learned a level 2 spell: Ensorcelled Hibernation
   873 | D:1      | Found a glowing golden altar of the Shining One.
   935 | D:1      | Reached XP level 3. HP: 16/16 MP: 8/8
  1514 | D:2      | Noticed Robin
  1556 | D:2      | Killed Robin
  1862 | D:2      | Reached XP level 4. HP: 21/21 MP: 10/10
  1868 | D:2      | Learned a level 3 spell: Confuse
  1896 | D:2      | Noticed Natasha
  1906 | D:2      | Killed Natasha
  2089 | D:3      | Reached skill level 6 in Stealth
  2195 | D:3      | Noticed a phantom
  2234 | D:3      | Slain by a phantom

Skill      XL: |  1  2  3  4 |
---------------+-------------+-----
Spellcasting   | 3 4 |  4.1
Short Blades   | 2 |  2.9
Stealth        | 5 6 |  6.1
Dodging        | |  3.0
Hexes          | |  3.6

Action                   |  1- 3 |  4- 6 || total
-------------------------+-------+-------++-------
Melee: Dagger            |   146 |    26 ||   172
 Cast: Ensorcelled Hiber |     3 |    10 ||    13
       Confuse           |       |     2 ||     2
  Use: Scroll            |     2 |     2 ||     4
 Stab: Sleeping          |    11 |    10 ||    21
       Distracted        |     2 |       ||     2
Armor: Robe              |    19 |     3 ||    22
Dodge: Dodged            |   100 |    18 ||   118
